 Dungeon Crawl Stone Soup version 0.28-a0-1624-g820543e53a (webtiles) character file.

Game seed: 15303710322738977558

4 cheechan the Charlatan (level 1, 3/12 HPs)
             Began as a Felid Wanderer on Jan 23, 2022.
             Quit the game on level 1 of the Dungeon.
             The game lasted 00:01:27 (125 turns).

cheechan the Charlatan (Felid Wanderer)              Turns: 125, Time: 00:01:28

Health: 3/12       AC:  1    Str: 10    XL:     1   Next: 50%
Magic:  2/2        EV: 15    Int: 11    God:
Gold:   0          SH:  0    Dex: 15    Spells: 0/0 levels left
                                        Lives:  0   Deaths: 0

rFire   . . .      SeeInvis +   (weapon unavailable)
rCold   . . .      Faith    .   (shield unavailable)
rNeg    . . .      Spirit   .   (armour unavailable)
rPois   .          Reflect  .   (helmet unavailable)
rElec   .          Harm     .   (cloak unavailable)
rCorr   .          Rampage  .   (gloves unavailable)
Will    .....                   (boots unavailable)
Stlth   +.........              (no amulet)
HPRegen 0.04/turn               (no ring)
MPRegen 0.08/turn               (no ring)

@: quick
A: very small, claws 1, fangs 3, see invisible, speed 1, shaggy fur 1, stealthy
paws, no weapons or thrown items, no armour, multi-lived
a: no special abilities


You were on level 1 of the Dungeon.
You visited 1 branch of the dungeon, and saw 1 of its levels.

Inventory:

Scrolls
 b - a scroll of teleportation {unknown}
 d - a scroll of vulnerability
Potions
 c - a potion of curing
Miscellaneous
 a - a phantom mirror (inert) (quivered)


   Skills:
 + Level 5.0 Fighting
 + Level 5.5 Evocations


You couldn't memorise any spells.
You didn't know any spells.
Your spell library was empty.

Dungeon Overview and Level Annotations

Branches:
Dungeon (1/15)

Altars:


Innate Abilities, Weirdness & Mutations

You have sharp claws.
You have razor-sharp teeth.
You have supernaturally acute eyesight. (SInv)
You cover ground quickly. (Speed+)
You are covered in fur. (AC +1)
Your paws help you pounce on unaware monsters.
You are incapable of wielding weapons or throwing items.
You cannot wear armour.
You gain extra lives every three experience levels.


Message History

The rat is severely wounded.
The bat hits you. The rat misses you.
You scratch the rat.
You kill the rat!
The bat closely misses you. The bat hits you. The bat barely misses you.
The bat misses you. The bat hits you but does no damage.
You miss the bat. The bat closely misses you.
The bat hits you but does no damage.
You scratch the bat but do no damage. The bat barely misses you.
The bat completely misses you.
You scratch the bat.
You kill the bat!
A dart slug comes into view.
The dart slug launches a dart at you. The slug dart hits you.
The dart slug launches a dart at you. The slug dart hits you.
* * * LOW HITPOINT WARNING * * *
Aiming: Phantom Mirror
Press: ? - help, Q - select action Dir - move target, f - dart slug
Aim: a dart slug You reflect the dart slug with the mirror!
The mirror clouds!
Your dart slug launches a dart at the dart slug.
The slug dart hits the dart slug.
You scratch the dart slug.
The dart slug is severely wounded.
The dart slug bites you.
* * * LOW HITPOINT WARNING * * *
You scratch the dart slug. You bite the dart slug.
You kill the dart slug!
You swap places.
Your dart slug shimmers and vanishes!
Okay, then.
A goblin comes into view. It is wielding a +0 dagger.
The goblin shouts!
Autopickup is now off.
Are you sure you want to abandon this character and quit the game? (Confirm with "yes".)

########################
...##.....#.....@.......
##....#....#...#........
..##...###...##...⌠....#
##......#.............##
..#...#...............#
#...#..##.##....####...#
.#..##.........## #.g.
##......##.....# ...
#..#......#....##


You could see a goblin.

Vanquished Creatures
  A dart slug (D:1)
  A bat (D:1)
  A rat (D:1)
3 creatures vanquished.

Notes
Turn   | Place    | Note
-------+----------+-------------------------------------------
     0 | D:1      | cheechan the Felid Wanderer began the quest for the Orb.
     0 | D:1      | cheechan set off with the following items: a phantom
                  | mirror, a scroll of vulnerability, a potion of curing
     0 | D:1      | Reached XP level 1. HP: 12/12 MP: 2/2
   125 | D:1      | Quit the game

Illustrated notes

Levels and vault maps discovered:
D:1:      erik_arrival_cave_to_civilisation [erik_arrival_cave_to_hall],
          layout_basic, ebering_ecumenical_altar_petrified

Action                   || total
-------------------------++-------
Melee: Unarmed           ||     9
       Bite              ||     1
Evoke: Phantom mirror    ||     1
Armor: Skin              ||     2
Dodge: Dodged            ||    11

Table legend: (Time is in decaauts)
 A = Elapsed time spent in this place.
 B = Non-inter-level travel time spent in this place.
 C = Inter-level travel time spent in this place.
 D = Time resting spent in this place.
 E = Time spent auto-exploring this place.
 F = Levels seen in this place.
 G = Mean time per level.
                   A        B        C        D        E       F      G
               +--------+--------+--------+--------+--------+-----+--------+
         Total |    102 |    102 |      0 |      0 |      0 |   1 |  102.0 |
       Dungeon |    102 |    102 |      0 |      0 |      0 |   1 |  102.0 |
               +--------+--------+--------+--------+--------+-----+--------+

Top non-repeatable levels by time:
     D:1: 102 daAuts
